 Dungeon Crawl Stone Soup version 0.17.1-3-g152610e (webtiles) character file.

34 magipi the Sneak (level 3, -7/16 HPs)
             Began as a Spriggan Enchanter on Apr 17, 2016.
             Mangled by a gnoll
             ... wielding a +0 club
              (10 damage)
             ... on level 3 of the Dungeon.
             The game lasted 00:04:38 (686 turns).

magipi the Sneak (Spriggan Enchanter)                Turns: 686, Time: 00:04:38

Health: -7/16      AC:  3    Str:  5    XL:     3   Next: 14%
Magic:  4/8        EV: 18    Int: 16    God:
Gold:   24         SH:  0    Dex: 16    Spells: 3 memorised, 1 level left

rFire  . . .     SeeInvis +     a - +1 dagger
rCold  . . .     Clarity  .     b - +1 robe
rNeg   . . .     SustAt   .     (shield restricted)
rPois  .         Gourm    .     (helmet restricted)
rElec  .         Spirit   .     (no cloak)
rCorr  .         Warding  .     (gloves unavailable)
rMut   .         Stasis   .     (boots unavailable)
MR     .....                    (no amulet)
Stlth  +++.......               (no ring)
                                (no ring)

@: very quick, not resistant to hostile enchantments, fairly stealthy
A: unfitting armour, see invisible, herbivore 3, speed 3, slow metabolism 2
a: no special abilities


You were on level 3 of the Dungeon.
You were not hungry.

You visited 1 branch of the dungeon, and saw 3 of its levels.

You collected 24 gold pieces.

Inventory:

Hand Weapons
 a - a +1 dagger (weapon)
Armour
 b - a +1 robe (worn)
Scrolls
 e - a scroll of fog {unknown}
 f - a scroll of noise {unknown}
 g - a scroll of teleportation {unknown}
 h - a scroll of fear {unknown}
 i - a scroll of blinking {unknown}
 k - a scroll of identify {unknown}
Potions
 l - a potion of ambrosia {unknown}
 m - a potion of haste
 n - 2 potions of resistance {unknown}
Books
 c - a book of Maledictions

   Spells                             Type                      Level
   a - Corona                         Hexes                        1
   b - Ensorcelled Hibernation        Hexes/Ice                    2
   c - Confuse                        Hexes                        3
   d - Tukima's Dance                 Hexes                        3
   e - Dazzling Spray                 Conjuration/Hexes            3
Comestibles
 d - a bread ration
 j - a slice of pizza


   Skills:
 - Level 2.4 Short Blades
 - Level 3.0 Dodging
 - Level 4.4 Stealth
 - Level 2.6 Spellcasting
 + Level 4.3 Hexes
 + Level 0.4 Ice Magic


You had one spell level left.
You knew the following spells:

 Your Spells              Type           Power        Failure   Level  Hunger
a - Corona                Hex            ###....      3%          1    #......
b - Ensorcelled Hibernat  Hex/Ice        #.....       12%         2    ##.....
c - Confuse               Hex            ###.....     12%         3    ###....


Dungeon Overview and Level Annotations

Branches:
Dungeon (3/15)

Altars:

Annotations:
D:2 Terence


Innate Abilities, Weirdness & Mutations

You are tiny and cannot use many weapons and most armour.
You have supernaturally acute eyesight.
You are a herbivore.
You cover ground extremely quickly.
You need consume almost no food.


Message History

The bat hits you. The goblin misses you. The bat barely misses you.
Found a purple potion.
The bat hits you but does no damage. The bat misses you.
The bat barely misses you.
You see here a purple potion.
You hit the bat.
You kill the bat!
You see here a bat corpse.
You hit the goblin.
You kill the goblin!
You see here a bat corpse.
n - 2 purple potions (gained 1)
Found 10 gold pieces.
A giant gecko and a kobold come into view.
Unknown command.
Found 17 stones.
Found a stone staircase leading up.
A giant newt comes into view.
Memorise Ensorcelled Hibernation, consuming 2 spell levels and leaving 3?
You start memorising the spell.
You continue memorising.
You continue memorising.
You finish memorising.
Spell assigned to 'b'.
Cast which spell? (? or * to list)
Aiming: Ensorcelled Hibernation
Press: ? - help, Shift-Dir - straight line, f - orc
Aim: an orc, wielding a flail (chance to defeat MR: 78%)
The orc looks drowsy...
Unknown command.
The helpless orc fails to defend itself.
You impale the orc!!
You kill the orc!
A gnoll comes into view. It is wielding a halberd.
A gnoll comes into view. It is wielding a club.
You see here a flail.
Found a meat ration.
A rat comes into view.
Found a stone staircase leading down.
You see here a meat ration.
You hit the rat.
You kill the rat!
A giant newt comes into view.
A giant newt comes into view.
The helpless giant newt fails to defend itself.
You impale the giant newt!!
You kill the giant newt!
You see here a giant newt corpse.
The helpless giant newt fails to defend itself.
You impale the giant newt!!
You kill the giant newt!
You see here a giant newt corpse.
Found a bread ration.
Unknown command.
The gnoll shouts!
You start waiting.
Casting: Ensorcelled Hibernation
Confirm with . or Enter, or press ? or * to list all spells.
Aiming: Ensorcelled Hibernation
Press: ? - help, Shift-Dir - straight line, f - gnoll
Aim: a gnoll (chance to defeat MR: 49%)
The gnoll looks drowsy...
Unknown command.
The helpless gnoll fails to defend itself.
You impale the gnoll!!
You kill the gnoll!
You have reached level 3!
Your experience leads to an increase in your attributes!
Increase (S)trength, (I)ntelligence, or (D)exterity?
You feel stronger.
Memorise Confuse, consuming 3 spell levels and leaving 1?
You start memorising the spell.
You continue memorising.
You continue memorising. x2
You finish memorising.
Spell assigned to 'c'.
You start resting.
The gnoll shouts!
You hear a shout!
The gnoll throws a throwing net.
The throwing net barely misses you. The gnoll hits you with a club.
Unknown command.
You start resting.
Casting: Ensorcelled Hibernation
Confirm with . or Enter, or press ? or * to list all spells.
Aiming: Ensorcelled Hibernation
Press: ? - help, Shift-Dir - straight line, f - gnoll
Aim: a gnoll, wielding a club (chance to defeat MR: 50%)
The gnoll resists with some effort.
The gnoll hits you with a club!
Ouch! That really hurt!
* * * LOW HITPOINT WARNING * * *
Unknown command.
Casting: Ensorcelled Hibernation
Confirm with . or Enter, or press ? or * to list all spells.
Aiming: Ensorcelled Hibernation
Press: ? - help, Shift-Dir - straight line, f/p - gnoll
Aim: a gnoll, wielding a club (chance to defeat MR: 50%)
The gnoll looks drowsy...
Unknown command.
You hit the gnoll.
The gnoll is moderately wounded.
The gnoll hits you with a club!
Ouch! That really hurt!
You die...

.....#.# #..#.#............#
......<# #....#.......%....####
.....#.# #.##.#................
.....#.#####.####.......####.....
(...g#.o.†...# ####..######.....
[.%..######### #.............
....g....# ##.#####...†..
#####.###############.# #......
#.# #......g@..##># #......
#.###.########.##### #......
#.....# #.....# #...†.. #######
###.#######..... #............#
##############


You could see a gnoll.

Vanquished Creatures
  A gnoll (D:3)
  An adder (D:2)
  An orc (D:3)
  2 goblins
  2 hobgoblins
  2 kobolds
  2 bats
  2 giant newts (D:3)
  2 rats
15 creatures vanquished.

Notes
Turn   | Place    | Note
--------------------------------------------------------------
     0 | D:1      | magipi the Spriggan Enchanter began the quest for the Orb.
     0 | D:1      | Reached XP level 1. HP: 9/9 MP: 5/5
   224 | D:2      | Reached XP level 2. HP: 5/13 MP: 6/6
   420 | D:2      | Noticed Terence
   546 | D:3      | Learned a level 2 spell: Ensorcelled Hibernation
   642 | D:3      | Reached XP level 3. HP: 16/16 MP: 5/8
   647 | D:3      | Learned a level 3 spell: Confuse
   686 | D:3      | Mangled by a gnoll

Action                   || total
-------------------------++-------
Melee: Dagger            ||    26
 Cast: Ensorcelled Hiber ||     4
 Stab: Sleeping          ||     9

Action                   || total
-------------------------++-------
Melee: Dagger            ||    26
 Cast: Ensorcelled Hiber ||     4
 Stab: Sleeping          ||     9
